 Dungeon Crawl Stone Soup version 0.30.0-30-g96aa6591b8 (webtiles) character file.

Game seed: 13505943887276831189

1601 AgateBread the Firebug (level 8, -4/68 HPs)
             Began as a Hill Orc Fire Elementalist on June 30, 2023.
             Was an Initiate of Vehumet.
             Succumbed to Duvessa's poison
             ... on level 6 of the Dungeon.
             The game lasted 00:56:24 (8609 turns).

AgateBread the Firebug (Hill Orc Fire Elementalist) Turns: 8609, Time: 00:56:25

Health: -4/68      AC: 13    Str: 11    XL:     8   Next: 94%
Magic:  6/10       EV:  9    Int: 17    God:    Vehumet [......]
Gold:   399        SH:  0    Dex: 11    Spells: 3/10 levels left

rFire   . . .        o - +0 long sword
rCold   . . .        (no shield)
rNeg    . . .        n - +3 scale mail {Will+}
rPois   .            (no helmet)
rElec   .            (no cloak)
rCorr   .            d - +2 pair of gloves
SInv    .            (no boots)
Will    .....        m - amulet of the acrobat Stlth
                     (no ring)
HPRegen 0.31/turn    (no ring)
MPRegen 0.12/turn

%: acrobat
@: lethally poisoned (-4 -> -29), weak-willed
A: no striking features
a: Renounce Religion


You were on level 6 of the Dungeon.
You worshipped Vehumet.
Vehumet was noncommittal.
You visited 2 branches of the dungeon, and saw 8 of its levels.

You collected 399 gold pieces.

Inventory:

Hand Weapons
 g - a +2 club
 i - a +4 war axe
 o - a +0 long sword (weapon)
 z - a +1 dagger of speed
Missiles
 e - 6 poisoned darts
Armour
 a - a +0 scale mail
 b - a +0 ring mail
 d - a +2 pair of gloves (worn)
 k - a +0 chain mail
 n - a +3 scale mail of willpower (worn)
 s - +0 ice dragon scales
 t - a +0 leather armour
 v - a +0 buckler
Jewellery
 m - an amulet of the acrobat (around neck)
 B - a +6 ring of intelligence
Scrolls
 c - a scroll of butterflies
 f - a scroll of fear
 l - 2 scrolls of noise
 r - a scroll of fog {unknown}
 u - a scroll of poison {unknown}
 A - a scroll of amnesia
 C - a scroll of silence {unknown}
Potions
 h - a potion of lignification
 p - a potion of flight
 q - a potion of attraction
 x - 2 potions of ambrosia


   Skills:
 + Level 5.1 Fighting
 + Level 4.6 Long Blades
 + Level 4.8 Armour
 - Level 1.5 Dodging
 - Level 1.5 Stealth
 - Level 0.9 Shields
 - Level 1.5 Spellcasting
 - Level 6.0 Conjurations
 - Level 6.0 Fire Magic


You had 3 spell levels left.
You knew the following spells:

 Your Spells              Type           Power      Damage    Failure   Level
a - Foxfire               Conj/Fire      84%        2x1d8     9%          1
b - Scorch                Fire           42%        2d7       14%         2
c - Flame Wave            Conj/Fire      21%        2d8       65%         4

Your spell library contained the following spells:

 Spells                   Type           Power      Damage    Failure   Level
 Inner Flame              Hex/Fire       11%        N/A       67%         3
 Volatile Blastmotes      Fire/Tloc      22%        2d11      67%         3
 Gell's Gravitas          Tloc           1%         N/A       97%         3
 Teleport Other           Tloc           1%         N/A       97%         3
 Dispersal                Tloc           0%         N/A       100%        6


Dungeon Overview and Level Annotations

Branches:
Dungeon (7/15)             Temple (1/1) D:5

Altars:
Ashenzari
Cheibriados
Dithmenos
Elyvilon
Fedhas
Gozag
Kikubaaqudgha
Makhleb
Nemelex Xobeh
Qazlal
Ru
Sif Muna
Trog
Uskayaw
Vehumet
Wu Jian
Xom
Zin
The Shining One

Annotations:
D:6 1 runed translucent door, Crazy Yiuf, Duvessa, Maggie


Message History

Okay, then.
Okay, then.
Okay, then.
Press: ? - help, v - describe, . - travel
Here: Duvessa, wielding a +1 short sword of venom, wearing a +0 ring mail and wearing a ring of magical power (berserk)
The floor.
As you read the scroll labelled TAREAP BOYNOU, it crumbles to dust.
It is a scroll of amnesia.
Really abort (and waste the scroll)?
Okay, then.
You feel sick. Duvessa hits you but does no damage.
You are more poisoned.
Duvessa hits you with a +1 short sword of venom!
* * * LOW HITPOINT WARNING * * *
You are lethally poisoned!
Okay, then.
As you read the scroll labelled OGHUDY JUMUAVO, it crumbles to dust.
Magic quickly surges around you.
It was a scroll of vulnerability.
* * * LOW HITPOINT WARNING * * *
You feel very sick. Duvessa misses you.
As you read the scroll labelled OLIOMI IFFOA, it crumbles to dust.
It is a scroll of enchant armour.
Your +2 scale mail of willpower glows green for a moment.
* * * LOW HITPOINT WARNING * * *
You feel very sick. Duvessa closely misses you. Duvessa barely misses you.
As you read the scroll labelled CEUNYPNOFI, it crumbles to dust.
The creatures around you are filled with an inner flame!
It was a scroll of immolation.
* * * LOW HITPOINT WARNING * * *
You feel sick.
Duvessa hits you with a +1 short sword of venom.
* * * LOW HITPOINT WARNING * * *
You are more poisoned.
Casting: Scorch (safe; 14% risk of failure)
Press: ? - help, Q - select action, (/) - cycle Dir - look around, f - activate Look: Duvessa, wielding a +1 short sword of venom, wearing a +0 ring mail and wearing a ring of magical power (berserk, inner flame, weak-willed) Flames lash Duvessa but do no damage.
You die...

#..........##.........###...
##.########.#########..# ..
#.........#.# #####..## .
#.........#.#####.......#
#.........#...ยง.#.##....#
#####.........#####.#.......#
#..........### #.#).#....#
#..........########.#..##.###
#...............@e..#..#..#
#.........#.###..####..#..#
###............#.. #..#..#
#............##.# #..#[.#
#.............#.. #..#..#
#.............###.#.....#
#.........[<...##.......#
#..............####..>).#
#..............# #######


You could see Duvessa (berserk, inner flame, weak-willed).

Vanquished Creatures
  Menkaure (D:7)
  Edmund (D:6)
  A water moccasin (D:6)
  An orc warrior (D:6)
  An ogre (D:5)
  A phantom (D:4)
  A scorpion (D:7)
  5 wights (D:7)
  Dowan (D:6)
  A gnoll bouda (D:6)
  A jelly (D:5)
  An orc priest (D:5)
  2 hounds (D:5)
  5 iguanas
  A sleepcap (D:5)
  Jessica (D:3)
  10 gnolls
  11 adders
  3 shadow imps
  2 ufetubi (D:5)
  A worm (D:3)
  9 dart slugs
  3 orcs
  7 endoplasms
  3 giant cockroaches
  9 goblins
  8 hobgoblins
  2 jackals (D:2)
  A kobold (D:4)
  3 quokkas
  8 ball pythons
  8 bats
  3 frilled lizards
  10 rats
126 creatures vanquished.

Vanquished Creatures (others)
  129 foxfires
129 creatures vanquished.

Grand Total: 255 creatures vanquished

Notes
Turn   | Place    | Note
-------+----------+-------------------------------------------
     0 | D:1      | AgateBread the Hill Orc Fire Elementalist began the quest
                  | for the Orb.
     0 | D:1      | Reached XP level 1. HP: 14/14 MP: 3/3
     1 | D:1      | Noticed an electric eel
   182 | D:1      | Reached skill level 1 in Fighting
   182 | D:1      | Reached XP level 2. HP: 23/23 MP: 0/4
   330 | D:1      | Learned a level 2 spell: Scorch
   656 | D:1      | Reached XP level 3. HP: 26/28 MP: 3/5
  1424 | D:2      | Reached XP level 4. HP: 31/36 MP: 0/6
  2195 | D:2      | Reached XP level 5. HP: 45/45 MP: 4/7
  3357 | D:3      | Found a shimmering altar of Xom.
  3383 | D:3      | Learned a level 4 spell: Flame Wave
  3387 | D:3      | Noticed Jessica
  3395 | D:3      | Killed Jessica
  3994 | D:4      | Reached XP level 6. HP: 43/52 MP: 8/8
  4517 | D:4      | Reached skill level 5 in Fire Magic
  5244 | D:4      | Noticed a steam dragon
  5394 | D:5      | Entered Level 5 of the Dungeon
  5500 | D:5      | Reached XP level 7. HP: 56/60 MP: 0/9
  5650 | D:5      | Found a staircase to the Ecumenical Temple.
  5664 | D:5      | Reached skill level 5 in Fighting
  5724 | Temple   | Entered the Ecumenical Temple
  5942 | Temple   | Became a worshipper of Vehumet
  7025 | D:6      | Reached skill level 1 in Armour
  7072 | D:6      | Noticed Edmund
  7094 | D:6      | Killed Edmund
  7095 | D:6      | Reached skill level 1 in Long Blades
  7095 | D:6      | Reached skill level 5 in Conjurations
  7281 | D:6      | Found a runed translucent door.
  7282 | D:6      | Noticed Crazy Yiuf
  7370 | D:6      | Reached XP level 8. HP: 60/68 MP: 1/10
  7660 | D:6      | Noticed Dowan
  7704 | D:6      | Killed Dowan
  7941 | D:7      | Noticed Menkaure
  7948 | D:7      | Killed Menkaure
  8578 | D:6      | Noticed Duvessa
  8587 | D:6      | Noticed Maggie
  8608 | D:6      | HP: 2/68 [Duvessa/+1 short sword of venom (6)]
  8609 | D:6      | Succumbed to Duvessa's poison

Illustrated notes

Levels and vault maps discovered:
D:1:      arrival_aquarium_a, layout_loops_ring
D:2:      layout_basic, kennysheep_generic_room_11
D:3:      layout_basic, xom_teletrap_fun, minmay_misc_feat_secret_circle,
          uniq_jessica
D:4:      layout_loops_corners, lightli_corner_chamber
D:5:      layout_basic, minmay_temple_entry_proselytizer
D:6:      layout_basic, chequers_avenue, uniq_maggie, uniq_edmund, uniq_duvessa,
          uniq_crazy_yiuf_cottage
D:7:      layout_basic, mainiacjoe_overflow_six_doors_small,
          nicolae_concentric_dashed_squares_wild, minivault_5, uniq_menkaure
Temple:   mainiacjoe_temple_bowtie_tessellation

Skill      XL: |  1  2  3  4  5  6  7  8 |
---------------+-------------------------+-----
Fighting       | 1 2 3 4 5 |  5.1
Conjurations   | 2 3 4 5 6 |  6.0
Fire Magic     | 4 5 6 |  6.0
Armour         | 2 4 |  4.8
Long Blades    | 1 4 |  4.6
Dodging        | |  1.5
Stealth        | |  1.5
Shields        | |  0.9
Spellcasting   | |  1.5

Action                     |  1- 3 |  4- 6 |  7- 9 || total
---------------------------+-------+-------+-------++-------
  Melee: Dagger            |    62 |       |       ||    62
         Long sword        |     7 |    93 |    32 ||   132
         Punch             |       |     1 |       ||     1
  Throw: Dart              |       |       |    16 ||    16
         Throwing net      |       |       |     1 ||     1
   Cast: Foxfire           |    31 |    18 |    25 ||    74
         Scorch            |    13 |    49 |    65 ||   127
  Evoke: Wand              |       |     5 |     8 ||    13
    Use: Scroll            |     2 |     7 |    12 ||    21
         Potion            |       |     2 |     2 ||     4
 Armour: Robe              |    20 |    11 |       ||    31
         Leather armour    |       |    37 |    10 ||    47
         Scale mail        |       |       |     5 ||     5
  Dodge: Dodged            |    52 |   105 |    58 ||   215
